AoeStats
← _LY_抖音肥龙

African Clearing

503878840Analyzed
4v4 RM · 1mo ago on Sep 2, 2026· 46m 39s· 8 players
Game mode
Random Map
Map size
Large (8 player)
Population
200
Speed
Normal
Resources
Standard
Victory
Conquest
Starting age
Dark Age
Ending age
Imperial Age
RankedLock teamsTeams togetherTeam positionsShared explorationLock speedFull tech treeHidden civsTurbo modeCheats
Victory
Defeat
🇨🇳 Japanese · China
1912
+5
🇭🇰 Mongols · Hong Kong SAR China
1774
+10
🇭🇰 Sicilians · Hong Kong SAR China
1703
+13
🇨🇳 Burgundians · China
1194
+30
🇫🇷 Berbers · France
1742
-20
🇲🇦 Vietnamese · Morocco
1690
-18
🇫🇷 Hindustanis · France
1637
-16
🇫🇷 Huns · France
1467
-8
Ligéis
13:37 Feudal Age
17:18 Castle Age
15:56 Double-Bit Axe
15:53 Horse Collar
17:32 Fletching
19:34 Bodkin Arrow
22:47 Ballistics
27:14 Loom
29:03 Wheelbarrow
29:43 Heavy Plow
32:29 Hand Cart
33:01 Bow Saw
33:14 Padded Archer Armor
35:52 Leather Archer Armor
38:22 Imperial Age
36:55 Scale Barding Armor
37:00 Forging
38:19 Thumb Ring
38:36 Chain Barding Armor
39:14 Bracer
40:20 Chemistry
39:32 Masonry
39:18 Murder Holes
38:59 Capped Ram
40:34 Conscription
39:55 Light Cavalry
40:47 Bloodlines
40:38 Husbandry
42:16 Plate Barding Armor
42:18 Iron Casting
41:46 Marauders
41:51 Heavy Cavalry Archer
45:14 Blast Furnace
46:16 Parthian Tactics
46:19 Hussar
Skrillll
8:24 Loom
13:36 Feudal Age
20:00 Castle Age
18:23 Double-Bit Axe
18:55 Fletching
19:28 Horse Collar
20:57 Bow Saw
21:43 Bodkin Arrow
24:57 Wheelbarrow
27:25 Ballistics
28:59 Husbandry
31:25 Padded Archer Armor
33:01 Gold Mining
33:02 Stone Mining
33:54 Thumb Ring
35:15 Hand Cart
40:15 Imperial Age
40:46 Leather Archer Armor
40:37 Scale Barding Armor
41:33 Bloodlines
40:43 Light Cavalry
41:35 Bracer
43:03 Two-Man Saw
43:15 Two-Man Saw
Ssiik
5:48 Loom
11:29 Feudal Age
12:02 Double-Bit Axe
12:23 Horse Collar
21:59 Castle Age
20:53 Bloodlines
21:05 Scale Barding Armor
21:25 Forging
23:08 Chain Barding Armor
25:55 Husbandry
30:11 Fletching
37:44 Coinage
[FrCo] ClemoL
10:48 Feudal Age
11:19 Double-Bit Axe
12:44 Loom
15:16 Forging
17:38 Bloodlines
20:12 Wheelbarrow
24:08 Castle Age
22:57 Gold Mining
22:59 Fletching
24:48 Bodkin Arrow
25:04 Bow Saw
24:51 Horse Collar
25:50 Husbandry
26:52 Kasbah
31:03 Padded Archer Armor
35:39 Gold Shaft Mining
39:46 Imperial Age
39:29 Leather Archer Armor
39:21 Stone Mining
40:31 Hand Cart
40:34 Bracer
41:35 Ballistics
42:23 Chemistry
43:08 Ring Archer Armor
43:04 Thumb Ring
45:35 Conscription
45:28 Murder Holes
_LY_抖音肥龙
13:29 Feudal Age
14:04 Loom
16:01 Double-Bit Axe
18:48 Castle Age
16:37 Fishing Lines
19:48 Bow Saw
19:45 Fletching
25:22 Gillnets
27:26 Bodkin Arrow
28:28 Ballistics
28:10 Town Watch
29:10 Padded Archer Armor
31:08 Wheelbarrow
32:12 Husbandry
33:19 Bloodlines
34:32 Leather Archer Armor
38:55 Thumb Ring
42:24 Hand Cart
42:19 Herbal Medicine
46:49 Imperial Age
44:39 Stone Mining
44:44 Gold Mining
46:21 Horse Collar
CNZS_Bad Koala
13:09 Feudal Age
12:18 Loom
14:41 Double-Bit Axe
17:32 Castle Age
23:23 Town Watch
26:59 Bow Saw
27:37 Wheelbarrow
30:06 Horse Collar
30:51 Heavy Plow
31:10 Fletching
31:55 Bodkin Arrow
32:47 Ballistics
34:48 Yasama
34:39 Guard Tower
38:06 Imperial Age
35:47 Scale Mail Armor
36:15 Treadmill Crane
36:45 Masonry
37:53 Chain Mail Armor
37:48 Forging
37:59 Hand Cart
38:45 Padded Archer Armor
39:23 Plate Mail Armor
38:58 Bracer
40:03 Chemistry
39:31 Thumb Ring
39:17 Arrowslits
38:59 Elite Skirmisher
40:52 Padded Archer Armor
41:23 Plate Mail Armor
41:51 Leather Archer Armor
42:19 Keep
43:16 Heavy Cavalry Archer
44:45 Ring Archer Armor
45:29 Parthian Tactics
46:42 Two-Man Saw
47:08 Plate Mail Armor
46:49 Forging
45:59 Pikeman
46:40 Squires
温蒂
4:57 Double-Bit Axe
5:41 Double-Bit Axe
11:44 Fishing Lines
13:04 Loom
15:48 Feudal Age
19:36 Castle Age
18:45 Bow Saw
19:33 Gillnets
22:55 Wheelbarrow
23:10 Gold Mining
25:30 Hand Cart
27:16 Scale Barding Armor
28:55 Horse Collar
29:21 Stone Mining
32:23 Imperial Age
30:39 Chain Barding Armor
30:20 Town Watch
30:47 Forging
31:17 Stone Shaft Mining
31:17 Gold Shaft Mining
30:58 Heavy Plow
32:54 Iron Casting
33:17 Husbandry
32:38 Elite Coustillier
33:39 Conscription
34:19 Plate Barding Armor
38:27 Blast Furnace
44:05 Two-Man Saw
45:16 Coinage
司衡
5:21 Loom
14:31 Feudal Age
19:33 Double-Bit Axe
22:09 Fletching
26:33 Castle Age
34:22 Pikeman
37:10 Horse Collar
38:06 Heavy Plow
42:46 Town Watch
45:00 Bow Saw
Connection lost

Rejoining the realm…

Still unreachable

The connection could not be restored.

Session expired

The server has moved on; the page needs a fresh start.